AoeStats
← BMWwilliams5509

Arabia

509827987Analyzed
1v1 RM · 4d ago on Sep 28, 2026· 39m 2s· 2 players
Game mode
Random Map
Map size
Tiny (2 player)
Population
200
Speed
Normal
Resources
Standard
Victory
Conquest
Starting age
Dark Age
Ending age
Imperial Age
RankedLock teamsTeams togetherTeam positionsShared explorationLock speedFull tech treeHidden civsTurbo modeCheats
Victory
Defeat
🇹🇷 Portuguese · Türkiye
1005
+14
🇺🇸 Japanese · United States
971
-14
TheG4MER14
10:31 Loom
12:17 Feudal Age
15:23 Horse Collar
15:31 Double-Bit Axe
21:04 Castle Age
20:10 Fletching
20:33 Forging
20:24 Scale Mail Armor
20:23 Stone Mining
20:26 Gold Mining
26:58 Wheelbarrow
26:41 Heavy Plow
27:46 Bodkin Arrow
29:48 Chain Mail Armor
31:36 Arson
31:36 Gambesons
BMWwilliams5509
6:44 Loom
9:43 Feudal Age
10:46 Horse Collar
11:09 Double-Bit Axe
15:46 Fletching
18:47 Gold Mining
19:26 Stone Mining
22:49 Castle Age
23:29 Crossbowman
24:17 Thumb Ring
24:11 Bodkin Arrow
24:17 Padded Archer Armor
24:56 Ballistics
24:34 Murder Holes
31:25 Wheelbarrow
34:03 Imperial Age
31:46 Masonry
33:19 Bow Saw
33:19 Heavy Plow
34:49 Stone Shaft Mining
34:37 Treadmill Crane
35:30 Conscription
Connection lost

Rejoining the realm…

Still unreachable

The connection could not be restored.

Session expired

The server has moved on; the page needs a fresh start.